 Dungeon Crawl Stone Soup version 0.20.0-15-g7f486f2 (webtiles) character file.

22 manyhoops the Gusty (level 2, -1/17 HPs)
             Began as a Tengu Air Elementalist on June 26, 2017.
             Slain by a leopard gecko (3 damage)
             ... on level 1 of the Dungeon.
             The game lasted 00:01:40 (913 turns).

manyhoops the Gusty (Tengu Air Elementalist)         Turns: 913, Time: 00:01:40

Health: -1/17      AC:  2    Str:  8    XL:     2   Next: 91%
Magic:  2/6        EV: 12    Int: 15    God:
Gold:   36         SH:  0    Dex: 14    Spells: 2/5 levels left

rFire    . . .     SeeInvis .   f - +0 dagger
rCold    . . .     Gourm    .   (no shield)
rNeg     . . .     Faith    .   a - +0 robe
rPois    .         Spirit   .   (helmet restricted)
rElec    .         Reflect  .   (no cloak)
rCorr    .         Harm     .   (no gloves)
MR       .....     Rnd*Tele +   (boots unavailable)
Stlth    ++........             d - amulet of rage
Regen    0.1/turn               e - ring of teleportation (curse)
MPRegen  0.1/turn               (no ring)

@: no status effects
A: beak, talons 3
a: Evoke Berserk Rage


You were on level 1 of the Dungeon.
You were hungry.

You visited 1 branch of the dungeon, and saw 1 of its levels.

You collected 36 gold pieces.

Inventory:

Hand Weapons
 f - a +0 dagger (weapon)
Armour
 a - a +0 robe (worn)
Jewellery
 d - an amulet of rage (around neck)
 e - a cursed ring of teleportation (left hand)
Potions
 g - a potion of heal wounds {unknown}
 h - a potion of haste
 i - a potion of ambrosia {unknown}
Books
 b - a book of Air

   Spells                             Type                      Level
   a - Shock                          Conjuration/Air              1
   b - Swiftness                      Charms/Air                   2
   c - Static Discharge               Conjuration/Air              3
   d - Airstrike                      Air                          4
   e - Lightning Bolt                 Conjuration/Air              5
Comestibles
 c - a bread ration


   Skills:
 + Level 1.8 Fighting
 * Level 1.4 Short Blades
 - Level 2.1 Dodging
 - Level 2.0 Stealth
 - Level 2.0 Spellcasting
 - Level 1.3 Conjurations
 - Level 4.0 Air Magic


You had 2 spell levels left.
You knew the following spells:

 Your Spells              Type           Power        Failure   Level  Hunger
a - Shock                 Conj/Air       #...         8%          1    #......
b - Swiftness             Chrm/Air       #.......     14%         2    ###....


Dungeon Overview and Level Annotations

Branches:
Dungeon (1/15)

Altars:


Innate Abilities, Weirdness & Mutations

You have a beak for a mouth.
You have claws for feet.


Message History

The zap hits the leopard gecko.
The leopard gecko is severely wounded.
The leopard gecko barely misses you.
Casting: Shock
Confirm with . or Enter, or press ? or * to list all spells.
Aiming: Shock
Press: ? - help, Shift-Dir - straight line, f/p - leopard gecko
Aim: a leopard gecko (severely wounded)
The zap hits the leopard gecko.
The leopard gecko is almost dead.
The leopard gecko bites you.
* * * LOW HITPOINT WARNING * * *
Casting: Shock
Confirm with . or Enter, or press ? or * to list all spells.
Aiming: Shock
Press: ? - help, Shift-Dir - straight line, f/p - leopard gecko
Aim: a leopard gecko (almost dead)
The zap misses the leopard gecko.
The leopard gecko barely misses you. The leopard gecko bites you.
You die...

#......##............##.......#
#......##............##.......#
#.............................#
###.......†......................
#.....##.....†..<.........##...##
#.##..##.........>.......(##...#
#.##...........................#
#g##...........................#
#.##.....##.....@l.....##))...##
#.##.....##............##.....#
#.#####.........##...........##
#.# #..(......##..........## #.##
#.......!.............#
...#####.######.#.#...#####.#
.....##..# #...##.## ##
...#.##.##### ###.###.
##..#.......# ...


You could see a leopard gecko.

Vanquished Creatures
  A dart slug (D:1)
  2 leopard geckos (D:1)
  A bat (D:1)
  A giant cockroach (D:1)
  3 goblins (D:1)
  3 hobgoblins (D:1)
  A jackal (D:1)
  A frilled lizard (D:1)
  2 kobolds (D:1)
  A rat (D:1)
16 creatures vanquished.

Notes
Turn   | Place    | Note
-------+----------+-------------------------------------------
     0 | D:1      | manyhoops the Tengu Air Elementalist began the quest for the Orb.
     0 | D:1      | Reached XP level 1. HP: 10/10 MP: 4/4
   114 | D:1      | Reached skill level 1 in Fighting
   196 | D:1      | Reached XP level 2. HP: 3/16 MP: 3/6
   469 | D:1      | Learned a level 2 spell: Swiftness
   764 | D:1      | Reached skill level 1 in Short Blades
   913 | D:1      | Slain by a leopard gecko

Skill      XL: |  1  2 |
---------------+-------+-----
Fighting       | 1 |  1.8
Short Blades   | 1 |  1.4
Dodging        | |  2.1
Stealth        | |  2.0
Spellcasting   | |  2.0
Conjurations   | |  1.3
Air Magic      | |  4.0

Action                   || total
-------------------------++-------
Melee: Unarmed           ||     6
       Peck              ||     4
       Kick              ||     2
       Dagger            ||    23
 Cast: Shock             ||    35
  Use: Scroll            ||     1
Armor: Robe              ||     4
Dodge: Dodged            ||    21
